 Dungeon Crawl Stone Soup version 0.29.1-12-g30fa7ad0bf (webtiles) character file.

Game seed: 5767975977984085762

46 nightchill the Trooper (level 3, -1/33 HPs)
             Began as a Hill Orc Abyssal Knight on Jan 16, 2023.
             Was a Priest of Lugonu.
             Slain by an orc
             ... wielding a +0 dagger
              (3 damage)
             ... on level 2 of the Dungeon.
             The game lasted 00:02:54 (1867 turns).

nightchill the Trooper (Hill Orc Abyssal Knight)    Turns: 1867, Time: 00:02:54

Health: -1/33      AC:  5    Str: 14 (17) XL:     3   Next: 68%
Magic:  5/5        EV: 10    Int:  8 (10) God:    Lugonu [***...]
Gold:   90         SH:  0    Dex: 10 (11) Spells: 2/2 levels left

rFire   + . .      SeeInvis .   a - +1 hand axe
rCold   . . .      Faith    .   (no shield)
rNeg    . . .      Spirit   .   i - +0 ring mail
rPois   .          Reflect  .   (no helmet)
rElec   .          Harm     .   (no cloak)
rCorr   .          Rampage  .   (no gloves)
Will    .....                   (no boots)
Stlth   ..........              (no amulet)
HPRegen 0.11/turn               g - ring of protection from fire
MPRegen 0.09/turn               (no ring)

@: no status effects
A: no striking features
a: Renounce Religion, Convert to Beogh, Depart the Abyss, Bend Space, Banish


You were on level 2 of the Dungeon.
You worshipped Lugonu.
Lugonu was most pleased with you.
You visited 1 branch of the dungeon, and saw 2 of its levels.
You visited the Abyss 1 time.

You collected 90 gold pieces.

Inventory:

Hand Weapons
 a - a +1 hand axe (weapon)
Missiles
 m - 2 javelins
Armour
 b - a +0 leather armour
 i - a +0 ring mail (worn)
Jewellery
 g - a ring of protection from fire (left hand)
 p - an amulet of magic regeneration
Scrolls
 c - 2 scrolls of fear {unknown}
 d - a scroll of butterflies {unknown}
 f - 2 scrolls of teleportation {unknown}
 l - a scroll of magic mapping {unknown}
 n - a scroll of identify {unknown}
Potions
 e - 2 potions of degeneration
 h - 2 potions of mutation {unknown}
 j - 2 potions of flight {unknown}
 k - a potion of curing {unknown}
 o - a potion of brilliance {unknown}


   Skills:
 + Level 4.2 Fighting
 * Level 4.1 Axes
 - Level 2.1 Armour
 - Level 0.7 Dodging
 + Level 3.2 Invocations


You had 2 spell levels left.
You didn't know any spells.
Your spell library contained the following spells:

 Spells                   Type           Power      Damage    Failure   Level
 Sandblast                Erth           0%         2d4       65%         1
 Ensorcelled Hibernation  Hex/Ice        0%         N/A       78%         2
 Passwall                 Tmut/Erth      0%         N/A       78%         2
 Spider Form              Tmut/Pois      0%         N/A       95%         3
 Stone Arrow              Conj/Erth      0%         3d7       95%         3
 Anguish                  Hex/Necr       0%         N/A       100%        4


Dungeon Overview and Level Annotations

Branches:
Dungeon (2/15)

Altars:

Shops:
D:2 *


Message History

The orc hits you with a +0 falchion.
The orc priest shouts, "Surrender to Beogh and we'll let you live!"
You hit the orc.
You kill the orc!
Lugonu accepts your kill.
You can now banish your foes.
You hit the orc priest. The orc priest closely misses you.
You closely miss the orc priest.
The orc priest is lightly wounded.
You closely miss the orc.
The orc priest mumbles some strange prayers to Beogh against you.
Beogh smites you!
* * * LOW HITPOINT WARNING * * *
The orc priest threatens, "By the altar or by the axe, you will meet Beogh!"
You hit the orc priest.
The orc priest is heavily wounded.
You hit the orc. x2; The orc misses you. x2
The orc priest looks braver for a moment.
You hit the orc priest but do no damage.
The orc priest is heavily wounded.
You closely miss the orc. You hit the orc but do no damage. The orc misses you.
The orc hits you with a +0 dagger.
* * * LOW HITPOINT WARNING * * *
The orc priest hits you with a +0 club.
* * * LOW HITPOINT WARNING * * *
You hit the orc priest.
The orc priest is severely wounded.
You hit the orc. You closely miss the orc. The orc hits you with a +0 club.
* * * LOW HITPOINT WARNING * * *
The orc barely misses you. The orc priest closely misses you.
You barely miss the orc priest.
The orc priest is severely wounded.
You barely miss the orc. You hit the orc but do no damage.
The orc hits you but does no damage. x2
The orc priest hits you with a +0 club.
* * * LOW HITPOINT WARNING * * *
It was a potion of degeneration.
There was something very wrong with that liquid.
You feel weakened.
You feel dopey.
You feel clumsy. The orc hits you but does no damage.
The orc hits you with a +0 dagger.
You die...

#... #..o.. #....[ .oo.
.## ..o .... #.## ## ###
..... #.o###########
.#...
......##o..........#####
.#.###
......o@o...............
......
......#####........#####
.#.### ..... #.........#
.#.### ##.##
#.........####
.....##.##.
#.............
........##.
#.........#### .....##.
#.# #.........#...
.....##.##.##
#.............
.....##.....###
#.........#...


You could see an orc priest and 3 orcs.

Vanquished Creatures
  2 adders (D:2)
  A dart slug (D:1)
  An orc (D:2)
  A giant cockroach (D:1)
  3 goblins (D:1)
  A hobgoblin (D:2)
  3 quokkas
  4 ball pythons
  3 bats (D:1)
  3 frilled lizards
  5 rats
27 creatures vanquished.

Notes
Turn   | Place    | Note
-------+----------+-------------------------------------------
     0 | Abyss:1  | nightchill the Hill Orc Abyssal Knight began the quest for
                  | the Orb.
     0 | Abyss:1  | Reached XP level 1. HP: 19/19 MP: 2/2
     1 | D:1      | Escaped the Abyss
   174 | D:1      | Reached XP level 2. HP: 19/27 MP: 4/4
  1503 | D:2      | Found Iletiu's Assorted Antiques.
  1616 | D:2      | Reached XP level 3. HP: 32/33 MP: 5/5
  1861 | D:2      | Reached *** piety under Lugonu
  1867 | D:2      | Slain by an orc

Illustrated notes

Levels and vault maps discovered:
D:1:      onia_arrival_pentagram, layout_loops_corners, minmay_3d_cube
D:2:      layout_basic, serial_shops, shop

Skill      XL: |  1  2  3 |
---------------+----------+-----
Axes           | 3 4 |  4.1
Fighting       | 4 |  4.2
Invocations    | 3 |  3.2
Armour         | |  2.1
Dodging        | |  0.7

Action                   || total
-------------------------++-------
Melee: Hand axe          ||    83
  Use: Potion            ||     1
Armor: Leather armour    ||     7
       Ring mail         ||    21
Dodge: Dodged            ||    39
